 Dungeon Crawl Stone Soup version 0.32-a0-931-g5a2cda0630 (webtiles) character file.

Game seed: 14082144881502818358

94 ragingrage the Vexing (level 4, -4/32 HPs)
             Began as a Demonspawn Hexslinger on Apr 13, 2024.
             Splashed by a jelly's acid (9 damage)
             ... on level 3 of the Dungeon.
             The game lasted 00:02:38 (2044 turns).

ragingrage the Vexing (Demonspawn Hexslinger)       Turns: 2044, Time: 00:02:39

Health: -4/32      AC: -1    Str:  8    XL:     4   Next: 38%
Magic:  3/5        EV: 11    Int: 14    God:
Gold:   147        SH:  0    Dex: 17    Spells: 3/5 levels left

rFire   . . .        a - +1 sling
rCold   . . .        (no shield)
rNeg    . . .        c - +1 robe
rPois   .            (no helmet)
rElec   .            (no cloak)
rCorr   .            (no gloves)
SInv    .            (no boots)
Will    .....        (no amulet)
Stlth   ++           (no ring)
HPRegen 0.25/turn    (no ring)
MPRegen 0.09/turn

%: no passive effects
@: weak-willed, corroded, jinxed
A: hooves 2, demonic guardian 1
a: no special abilities


You were on level 3 of the Dungeon.
You visited 1 branch of the dungeon, and saw 4 of its levels.

You collected 147 gold pieces.

Inventory:

Hand Weapons
 a - a +1 sling (weapon)
 o - the +4 dagger "Miaw" {flame, Int+3}
   (You took it off a kobold on level 3 of the Dungeon)

   Int+3:     It affects your intelligence (+3).
 q - a +1 dagger of venom
Armour
 c - a +1 robe (worn)
 j - a +0 pair of gloves
 k - a +0 pair of boots
Wands
 l - a wand of quicksilver (7)
Scrolls
 b - a scroll of poison
 d - 2 scrolls of enchant armour
 f - a scroll of torment {unknown}
 g - a scroll of enchant weapon {unknown}
 h - a scroll of identify {unknown}
 n - a scroll of revelation {unknown}
 p - a scroll of immolation {unknown}
Potions
 e - a potion of curing {unknown}
 i - 2 potions of degeneration {unknown}
 m - a potion of heal wounds {unknown}


   Skills:
 - Level 1.0 Fighting
 + Level 3.1 Ranged Weapons
 - Level 1.7 Dodging
 - Level 2.0 Stealth
 - Level 1.0 Spellcasting
 + Level 3.7 Hexes
 - Level 0.8 Fire Magic


You had 3 spell levels left.
You knew the following spells:

 Your Spells              Type           Power      Damage    Failure   Level
a - Jinxbite              Hex            22%        N/A       9%          2

Your spell library contained the following spells:

 Spells                   Type           Power      Damage    Failure   Level
 Sigil of Binding         Hex            11%        N/A       17%         3
 Inner Flame              Hex/Fire       7%         N/A       30%         3
 Call Imp                 Summ           0%         N/A       36%         2
 Sublimation of Blood     Necr           0%         N/A       36%         2
 Cause Fear               Hex            5%         N/A       50%         4
 Dimensional Bullseye     Hex/Tloc       2%         N/A       77%         4
 Summon Hydra             Summ           0%         N/A       100%        7


Dungeon Overview and Level Annotations

Branches:
Dungeon (4/15)
 Temple: D:4-7

Altars:
Ashenzari


Innate Abilities, Weirdness & Mutations

You have hoof-like feet.
A weak demonic guardian rushes to your aid.


Message History

Done exploring.
(D) Dungeon
Where to? (Tab/Enter - D:3, ? - help)
There is an escape hatch in the ceiling here.
There is a stone staircase leading down here.
You climb downwards.
There is a stone staircase leading up here.
There are monsters nearby!
There are monsters nearby!
You shoot a sling bullet. The sling bullet hits the goblin.
You kill the goblin!
You shoot a sling bullet. The sling bullet hits the gnoll.
There are monsters nearby!
You shoot a sling bullet.
The sling bullet closely misses the gnoll.
You shoot a sling bullet. The sling bullet hits the gnoll.
There are monsters nearby!
You shoot a sling bullet.
The sling bullet closely misses the gnoll.
A jelly comes into view.
The gnoll hits you from afar with a +0 spear.
You shoot a sling bullet.
The sling bullet closely misses the gnoll.
The gnoll hits you from afar with a +0 spear.
The gnoll shouts!
The gnoll hits you from afar with a +0 spear!
A demonic guardian appears!
The jelly hits you. The acid corrodes you!
You are splashed with acid!
* * * LOW HITPOINT WARNING * * *
You climb upwards.
Your summoned ally is left behind.
There is a stone staircase leading down here.
Casting: Jinxbite (safe; 9% risk of failure)
You beckon some vexing sprites to accompany your attacks.
You feel your willpower being sapped. The jelly misses you.
As you read the scroll labelled UNWURCHYNOUPS, it crumbles to dust.
It is a scroll of enchant armour.
Your +0 robe glows green for a moment.
The jelly hits you.
* * * LOW HITPOINT WARNING * * *
You are splashed with acid!
You die...

#.##.# #.# #.##..# #.......#
#.##.# #.# #.##(.# #.#####)###
#.##.###.## #.....#####.#####....
#.##.##...######............<#...
...........# #.###.########.###
#######....#####.###.# ###
##.#...........# #.#######.#####
#.......J@# ###########


You could see a jelly.

Vanquished Creatures
  3 dart slugs
  2 ribbon worms (D:3)
  5 bats
  5 endoplasms
  4 goblins
  2 hobgoblins
  2 quokkas (D:2)
  7 ball pythons
  7 frilled lizards
  6 kobolds
  6 rats
49 creatures vanquished.

Vanquished Creatures (collateral kills)
  A hound (D:3)
  A quokka (D:1)
  A rat (D:2)
3 creatures vanquished.

Grand Total: 52 creatures vanquished

Notes
Turn   | Place    | Note
-------+----------+-------------------------------------------
     0 | D:1      | ragingrage the Demonspawn Hexslinger began the quest for
                  | the Orb.
     0 | D:1      | Reached XP level 1. HP: 15/15 MP: 2/2
   145 | D:1      | Reached skill level 1 in Stealth
   145 | D:1      | Gained mutation: A weak demonic guardian rushes to your
                  | aid. [demonic ancestry]
   145 | D:1      | Reached XP level 2. HP: 18/21 MP: 3/3
   210 | D:1      | Learned a level 2 spell: Jinxbite
   285 | D:1      | Found a faded altar of an unknown god.
   926 | D:2      | Found a broken altar of Ashenzari.
   982 | D:2      | Gained mutation: You have large cloven feet. [demonic
                  | ancestry]
   982 | D:2      | Reached XP level 3. HP: 21/26 MP: 4/4
  1518 | D:3      | Gained mutation: You have hoof-like feet. [demonic
                  | ancestry]
  1518 | D:3      | Reached XP level 4. HP: 24/32 MP: 2/5
  1659 | D:3      | Identified the +4 dagger "Miaw" {flame, Int+3}
  2044 | D:3      | Splashed by a jelly's acid

Illustrated notes

Levels and vault maps discovered:
D:1:      onia_arrival_pentagram, layout_basic,
          shapermc_ecumenical_altar_hornbeckon
D:2:      layout_basic, basic_altar, kennysheep_generic_room_12
D:3:      layout_loops_ring
D:4:      dreamdust_elfheim, layout_cave_pools, minmay_overflow_temple_star_hex,
          serial_glass, glass_columns_b, glass_columns_b

Skill      XL: |  1  2  3 |
---------------+----------+-----
Ranged Weapons | 2 3 |  3.1
Stealth        | 1 2 |  2.0
Fighting       | |  1.0
Dodging        | |  1.7
Spellcasting   | |  1.0
Hexes          | |  3.7
Fire Magic     | |  0.8

Action                     |  1- 3 |  4- 6 || total
---------------------------+-------+-------++-------
   Fire: Sling             |   108 |    31 ||   139
   Cast: Jinxbite          |     5 |     2 ||     7
    Use: Scroll            |       |     1 ||     1
 Armour: Robe              |    34 |    11 ||    45
  Dodge: Dodged            |    18 |     9 ||    27

Table legend: (Time is in decaauts)
 A = Elapsed time spent in this place.
 B = Non-inter-level travel time spent in this place.
 C = Inter-level travel time spent in this place.
 D = Time resting spent in this place.
 E = Time spent auto-exploring this place.
 F = Levels seen in this place.
 G = Mean time per level.
                   A        B        C        D        E       F      G
               +--------+--------+--------+--------+--------+-----+--------+
         Total |   2094 |   1955 |    139 |    152 |   1533 |   4 |  523.5 |
       Dungeon |   2094 |   1955 |    139 |    152 |   1533 |   4 |  523.5 |
               +--------+--------+--------+--------+--------+-----+--------+

Top non-repeatable levels by time:
     D:1: 907 daAuts
     D:3: 727 daAuts
     D:2: 450 daAuts
     D:4: 9 daAuts
